[Event "Bijnor Open 2024"]
[Site "Bijnor"]
[Date "2024.03.19"]
[Round "6.6"]
[White "Ishan Ghosh"]
[Black "Vrashank Chouhan"]
[Result "1/2-1/2"]
[ECO "D13"]
[WhiteElo "1768"]
[BlackElo "2330"]
[Annotator "TA"]
[PlyCount "110"]
[EventDate "2024.03.17"]
[EventCountry "IND"]
[SourceTitle "playchess.com"]
[Source "ChessBase"]
[SourceQuality "1"]
[TimeControl "5400+30"]

1. d4 d5 2. c4 c6 3. cxd5 cxd5 4. Nc3 Nf6 5. Bf4 Nc6 6. e3 a6 7. Bd3 Bg4 8. Nf3 e6 9. h3 Bh5 10. O-O Be7 11. Rc1 O-O 12. Be2 Rc8 13. Ne1 Bg6 14. Nd3 Nd7 15. Na4 Na5 16. Ndc5 e5 17. Bh2 (17. Bxe5 Nxe5 18. dxe5 b5 $17) 17... exd4 ({Vorzuziehen ist} 17... Nxc5 $14 18. Nxc5 Bxc5 19. dxc5 (19. Rxc5 Rxc5 20. dxc5 f6 $11) 19... Re8) 18. exd4 $16 (18. Qxd4 $6 Nxc5 19. Nxc5 Bf6 $11) 18... b5 19. Nxd7 (19. Bg4 $1 $16 Nxc5 20. Nxc5) 19... Rxc1 $14 20. Qxc1 Qxd7 21. Nc5 Qa7 22. Bf3 Nc6 23. Nb3 (23. Bxd5 $2 {ist das falsche Schlagen.} Nxd4 24. Kh1 Bxc5 $19 (24... Qxc5 $2 25. Qxc5 Bxc5 26. Bb7 $19)) 23... Qd7 24. Qf4 Bf6 25. Rc1 Re8 26. Bg3 Nb4 27. Nc5 (27. Rc7 $14 {ist eher angebracht.} Qd8 28. Qd2) 27... Qd8 {[%emt 0:01:23][%cal Of6g5] [#] ...Bg5! wäre nun fies.} 28. Qd2 Bg5 29. Bf4 Bxf4 30. Qxf4 {[%emt 0:00:04] Mit der Idee Qd2.} Nxa2 31. Ra1 Nb4 32. Qd2 a5 33. Nb7 Qb6 34. Nxa5 Nd3 35. Nb3 Qf6 36. Bxd5 Nf4 (36... h6 $11) 37. Ra8 $16 Rxa8 38. Bxa8 Bd3 {[%emt 0:00:34] [#]} (38... Nd3 $14) 39. Qe3 $1 $40 {[%emt 0:00:43][%cal Re3e8][%mdl 128] Weiss will per K.O. gewinnen.} g6 40. Kh2 Bc4 41. Nc5 {[%emt 0:00:24] Und jetzt Ne4 wäre schön.} Ne2 $2 (41... Bd5 $16) 42. d5 $2 (42. b3 $18 Nxd4 43. Ne4 (43. bxc4 Qd6+ 44. g3 Qxc5 $18) 43... Qe5+ 44. f4) 42... Bxd5 43. Bxd5 ({Ein No Go ist} 43. Qxe2 Bxa8 44. Qxb5 (44. Qe8+ Kg7 $11) 44... Qf4+ 45. Kg1 Qc1+ 46. Kh2 Qf4+ 47. Kg1 Qc1+ 48. Kh2 Qf4+ $11) 43... Qd6+ 44. g3 (44. f4 $14 Qxd5 45. Ne4) 44... Qxd5 $11 {[%emt 0:00:04][%mdl 4096] Endspiel. KQN-KQN} 45. Ne4 {[%emt 0:00:32] Weiss droht Nf6+ und Matt.} Qd1 46. Kg2 {[%emt 0:00:29] Weiss will Nf6+ spielen.} Nd4 $2 (46... Qg1+ $11 {und Schwarz ist OK.} 47. Kf3 Nc1) 47. Ng5 $2 (47. Nc3 $18 Qc2 48. Qxd4 Qxb2 49. Qd8+ Kg7 50. Ne4) 47... Ne6 $1 {[%emt 0:00:44] Die Stellung ist ausgeglichen.} 48. Nxe6 Qd5+ 49. Kg1 fxe6 {[%emt 0:00:11] KQ-KQ} 50. h4 e5 51. Qc3 Kg7 52. Qc7+ Kg8 53. Qe7 Qd1+ 54. Kg2 {[%emt 0:00:21] Droht stark Qe8+.} Qd5+ 55. Kg1 Qd1+ {[%emt 0:00:05] Gewichteter Fehlerwert: Weiß=0.27 (präzise) /Schwarz=0.32.  Verlustzug:     	---       	Schwarz=1     Gewinn verpasst:   	Weiß=2     	---        Fehler:       	Weiß=3     	Schwarz=5     Ungenau:       	Weiß=1     	Schwarz=4     OK:         	Weiß=20    	Schwarz=21    Bester:       	---       	Schwarz=3     Stark:        	---       	Schwarz=1} 1/2-1/2

[Event "Bijnor Open 2024"]
[Site "Bijnor"]
[Date "2024.03.19"]
[Round "6.7"]
[White "Priyansh Arora"]
[Black "Vignesh B"]
[Result "0-1"]
[ECO "A41"]
[WhiteElo "1695"]
[BlackElo "2209"]
[Annotator "RC"]
[PlyCount "90"]
[EventDate "2024.03.17"]
[EventCountry "IND"]
[SourceTitle "playchess.com"]
[Source "ChessBase"]
[SourceQuality "1"]
[TimeControl "5400+30"]

1. d4 d6 2. Nf3 g6 3. g3 Bg7 4. Bg2 Nd7 5. O-O e5 6. e3 e4 7. Nfd2 d5 8. c4 c6 9. Nc3 Ngf6 10. Qb3 Nb6 11. cxd5 cxd5 12. a4 a5 13. Qa3 Bf8 14. Qb3 h5 15. f3 exf3 16. Nxf3 Bg7 17. Ne5 O-O 18. Bd2 Be6 19. Rac1 Ng4 20. Nxg4 hxg4 21. Rfd1 Re8 22. Bf1 Nc4 23. Bxc4 dxc4 24. Qa2 Rc8 25. Be1 Bf5 26. Bf2 Bh6 27. Re1 Qb6 28. Rcd1 Bc2 29. Rd2 Bd3 30. Qa3 Bf8 31. Qa1 Bb4 32. Qd1 Bxc3 33. bxc3 Re4 34. Qa1 Kg7 35. Rb2 Qf6 36. Qd1 Rh8 37. Kg2 Ree8 38. Qxg4 Bf5 39. Qf4 g5 40. Qc7 Be4+ 41. Kf1 Rxh2 42. g4 Rh1+ 43. Ke2 Qf3+ 44. Kd2 Qxf2+ 45. Kc1 Rxe1# 0-1

[Event "Bijnor Open 2024"]
[Site "Bijnor"]
[Date "2024.03.19"]
[Round "6.8"]
[White "Mahindrakar Indrajeet"]
[Black "Vinayak Singh Yadav"]
[Result "1-0"]
[ECO "B22"]
[WhiteElo "2136"]
[BlackElo "1696"]
[Annotator "RC"]
[PlyCount "117"]
[EventDate "2024.03.17"]
[EventCountry "IND"]
[SourceTitle "playchess.com"]
[Source "ChessBase"]
[SourceQuality "1"]
[TimeControl "5400+30"]

1. e4 c5 2. c3 Nf6 3. e5 Nd5 4. d4 cxd4 5. Qxd4 e6 6. Nf3 Nc6 7. Qe4 d6 8. Bb5 Bd7 9. c4 Nc7 10. exd6 Bxd6 11. O-O Qe7 12. Nc3 O-O 13. Rd1 Rad8 14. Ba4 h6 15. Rxd6 Qxd6 16. Bf4 e5 17. Nxe5 Nxe5 18. Bxe5 Qb6 19. Bxc7 Qxc7 20. Nd5 Qd6 21. Bxd7 Qxd7 22. g3 Rfe8 23. Qf3 f6 24. a4 b6 25. Kg2 Qf7 26. b3 Re5 27. Rd1 Rde8 28. Ne3 Qe6 29. Rd3 Qe7 30. h4 Qe6 31. h5 Qf7 32. Nf5 Qe6 33. Nd4 Qf7 34. Nf5 Qe6 35. g4 Re4 36. Rd6 Qf7 37. Rd5 Qe6 38. Rd6 Qf7 39. Qd1 Re1 40. Qd5 Qxd5+ 41. Rxd5 Rb1 42. Rd7 Rxb3 43. Rxg7+ Kh8 44. Rxa7 Re4 45. Ra8+ Kh7 46. Ra7+ Kh8 47. f3 Rxc4 48. Kg3 Rcc3 49. Nh4 Ra3 50. Kf4 Rc5 51. Kg3 Rcc3 52. Rf7 Rxa4 53. Rxf6 b5 54. Rxh6+ Kg7 55. Rb6 b4 56. h6+ Kh7 57. g5 b3 58. Rb7+ Kg8 59. h7+ 1-0

[Event "Bijnor Open 2024"]
[Site "Bijnor"]
[Date "2024.03.19"]
[Round "6.9"]
[White "Srivardhan Reddy Devareddy"]
[Black "Daksh Goyal"]
[Result "0-1"]
[ECO "B08"]
[WhiteElo "1662"]
[BlackElo "1926"]
[Annotator "RC"]
[PlyCount "76"]
[EventDate "2024.03.17"]
[EventCountry "IND"]
[SourceTitle "playchess.com"]
[Source "ChessBase"]
[SourceQuality "1"]
[TimeControl "5400+30"]

1. d4 Nf6 2. Nf3 g6 3. Nc3 Bg7 4. e4 d6 5. h3 O-O 6. Be3 e5 7. dxe5 dxe5 8. Qxd8 Rxd8 9. Bc4 Nc6 10. Ng5 Rd7 11. Bb5 Ne8 12. g4 Nd6 13. O-O-O Nxb5 14. Nxb5 Nd4 15. Bxd4 exd4 16. f4 a6 17. Na3 b5 18. e5 f6 19. exf6 Bxf6 20. Ne4 Be7 21. Rhe1 Bb7 22. f5 gxf5 23. gxf5 Rf8 24. f6 Bxa3 25. bxa3 Bxe4 26. Rxe4 Rxf6 27. Rexd4 Rxd4 28. Rxd4 Rf3 29. a4 Kg7 30. axb5 axb5 31. Rd7+ Rf7 32. Rxf7+ Kxf7 33. c4 b4 34. Kc2 Ke6 35. Kd3 Ke5 36. c5 Kd5 37. c6 Kc5 38. h4 h5 0-1

[Event "Bijnor Open 2024"]
[Site "Bijnor"]
[Date "2024.03.19"]
[Round "6.10"]
[White "Badhwar, Daksh"]
[Black "Arnav Agrawal"]
[Result "0-1"]
[ECO "B51"]
[WhiteElo "1574"]
[BlackElo "1843"]
[Annotator "NA RC"]
[PlyCount "107"]
[EventDate "2024.03.17"]
[EventCountry "IND"]
[SourceTitle "playchess.com"]
[Source "ChessBase"]
[SourceQuality "1"]
[TimeControl "5400+30"]

1. e4 c5 2. Nf3 d6 3. Bb5+ Nd7 4. a4 Ngf6 5. Nc3 e6 6. O-O Be7 7. Re1 O-O {[%emt 0:00:07] B51: Sicilian: Moscow Variation (3 Bb5+) without 3...Bd7.} 8. a5 Nb8 9. d4 a6 10. Bf1 Nc6 11. dxc5 dxc5 12. Qxd8 Bxd8 13. Be3 Nd7 14. Na4 Bxa5 15. Red1 b6 16. Rd6 Nd8 17. Nxc5 Nxc5 18. Bxc5 Nb7 19. Ba3 Nxd6 20. Bxd6 Rd8 21. e5 f6 22. c3 fxe5 23. Bxe5 Bb7 24. b4 Bxb4 25. cxb4 a5 26. Bc4 Bd5 27. Bxd5 Rxd5 28. Kf1 a4 29. Ke2 b5 30. Bd4 Rad8 31. Bc5 e5 32. Ke3 Rd1 33. Rxd1 Rxd1 34. Nxe5 a3 35. Nd3 a2 36. Bd4 a1=Q 37. Bxa1 Rxa1 38. Ne5 Rc1 39. Kd4 Kf8 40. Kd5 Ke7 41. Nc6+ Kd7 42. Nd4 Rg1 43. g3 Rg2 44. Nxb5 Rxf2 45. Nd4 Rxh2 46. Nf5 $19 g6 47. Nd4 Rg2 48. Ke5 Rxg3 49. Kf6 h5 50. Ne2 h4 51. Ke5 Rg4 52. Nf4 g5 53. Nd5 Rg3 54. Kd4 0-1

[Event "Bijnor Open 2024"]
[Site "Bijnor"]
[Date "2024.03.20"]
[Round "7.1"]
[White "Neelash Saha"]
[Black "Ram Prakash, R."]
[Result "1-0"]
[ECO "D37"]
[WhiteElo "2463"]
[BlackElo "2191"]
[Annotator "TA"]
[PlyCount "57"]
[EventDate "2024.03.17"]
[EventCountry "IND"]
[SourceTitle "playchess.com"]
[Source "ChessBase"]
[SourceQuality "1"]
[TimeControl "5400+30"]

1. d4 d5 2. c4 e6 3. Nc3 Be7 4. Nf3 Nf6 5. Bf4 O-O 6. e3 c5 7. dxc5 Bxc5 8. a3 Nc6 9. Qc2 Re8 10. O-O-O {[%emt 0:00:00] Und cxd5 würde nun gewinnen.} Qa5 11. Nd2 {[%emt 0:00:00] Droht Nb3 und aus.} Be7 12. Nb3 {[%emt 0:00:00] Weiß steht etwas besser.} Qb6 13. cxd5 Nxd5 (13... exd5 $14 14. Nxd5 Nxd5 15. Rxd5 a6 (15... Be6 16. Rb5 $14)) 14. Rxd5 $2 (14. Na4 $1 $16 Qd8 15. e4) 14... exd5 $17 15. Nxd5 Qd8 (15... Bf5 $1 $15 16. Nxb6 (16. Qxf5 Qxb3 17. Qd3 Qa2 $17) (16. e4 Qd8 $19) 16... Bxc2 17. Nxa8 Bxb3) 16. Nc7 $14 {[%emt 0:00:00] Ein dynamisches Springerpaar.} Be6 {[%emt 0:00:40] Zielt auf ...Bxb3 ab.} 17. Bc4 {[%emt 0:00:00] Weiß steht deutlich aktiver.} Bxc4 $1 18. Qxc4 Bf6 19. Nxa8 (19. Rd1 {hält die Spannung aufrecht.} Bxb2+ 20. Kc2 Qf6 21. Nd5) 19... Qxa8 {[%emt 0:00:37] [#]} 20. Kb1 $1 Qc8 21. Rc1 Qg4 22. Bg3 Qf5+ 23. Rc2 h5 {[%emt 0:01:26][%cal Oh5h4] [#]} 24. Nc5 $1 h4 (24... b6 $16 {ist eine bessere Verteidigung.}) 25. Bxh4 $18 (25. Nxb7 hxg3 26. hxg3 (26. Qxc6 $2 gxf2 27. Qxe8+ Kh7 $19) 26... Ne5 $17) 25... b5 (25... Bxh4 $142 26. Qxh4 b5) 26. Qd3 Qe5 (26... Qxd3 27. Nxd3 Bxh4) 27. Nd7 ({Auf keinen Fall} 27. Qxb5 Bxh4 28. Qxc6 Rd8 $18) 27... Qe6 28. Bxf6 ({Schwächer ist} 28. Qxb5 Bxh4 29. Qxc6 (29. Rxc6 $2 {geht unter.} Qxd7 30. g3 Bf6 $19) 29... Qxc6 30. Rxc6 Bxf2 $14) 28... gxf6 29. Qxb5 {[%emt 0:00:00] Gewichteter Fehlerwert: Weiß=0.21 (präzise) /Schwarz=0.39.  Fehler:       	Weiß=1     	Schwarz=5     OK:         	Weiß=7     	Schwarz=3     Bester:       	Weiß=3     	---        Stark:        	Weiß=2     	Schwarz=1} 1-0

[Event "Bijnor Open 2024"]
[Site "Bijnor"]
[Date "2024.03.20"]
[Round "7.2"]
[White "Singh, Arvinder Preet"]
[Black "Dutta, Joydeep"]
[Result "1/2-1/2"]
[ECO "C92"]
[WhiteElo "2030"]
[BlackElo "2041"]
[Annotator "RC"]
[PlyCount "102"]
[EventDate "2024.03.17"]
[EventCountry "IND"]
[SourceTitle "playchess.com"]
[Source "ChessBase"]
[SourceQuality "1"]
[TimeControl "5400+30"]

1. e4 e5 2. Nf3 Nc6 3. Bb5 a6 4. Ba4 Nf6 5. O-O Be7 6. Re1 b5 7. Bb3 d6 8. c3 O-O 9. h3 Bb7 10. d4 Re8 11. Nbd2 Bf8 12. a3 g6 13. Bc2 Bg7 14. b4 d5 15. dxe5 Nxe5 16. Nxe5 Rxe5 17. f4 Rxe4 18. Bxe4 dxe4 19. Qc2 Qd6 20. Nb3 Nd5 21. Nc5 Bxc3 22. Bb2 Bxe1 23. Rxe1 Qc6 24. Qxe4 f6 25. Nxb7 Qxb7 26. Qe6+ Kg7 27. Bxf6+ Nxf6 28. Qe7+ Kh6 29. Qxf6 Qb6+ 30. Qxb6 cxb6 31. Re6 Rb8 32. Kf2 Rb7 33. Ke3 Rc7 34. Kd4 a5 35. Rxb6 axb4 36. axb4 Rc4+ 37. Ke5 Rxb4 38. Rb7 Rb3 39. g4 Rxh3 40. g5+ Kh5 41. Rxh7+ Kg4 42. Rxh3 Kxh3 43. f5 b4 44. fxg6 b3 45. g7 b2 46. g8=Q b1=Q 47. Qe6+ Kh4 48. g6 Qb2+ 49. Kd6 Kg5 50. Ke7 Qg7+ 51. Qf7 Qxg6 1/2-1/2

[Event "Bijnor Open 2024"]
[Site "Bijnor"]
[Date "2024.03.20"]
[Round "7.3"]
[White "Daksh Goyal"]
[Black "Srihari L R"]
[Result "0-1"]
[ECO "D02"]
[WhiteElo "1926"]
[BlackElo "2490"]
[Annotator "TA"]
[PlyCount "149"]
[EventDate "2024.03.17"]
[EventCountry "IND"]
[SourceTitle "playchess.com"]
[Source "ChessBase"]
[SourceQuality "1"]
[TimeControl "5400+30"]

1. Nf3 d5 2. g3 c5 3. Bg2 Nc6 4. d4 Nf6 5. O-O Bg4 6. Ne5 Bh5 7. Nxc6 bxc6 8. c4 e6 {[%emt 0:04:38] The position is equal.} 9. cxd5 cxd5 10. Nc3 Rc8 11. Qa4+ Qd7 12. dxc5 (12. Qxd7+ {simplifies} Nxd7 13. Be3 Be7 14. f3) 12... Bxc5 13. Bg5 Qxa4 14. Nxa4 Bd4 (14... Bxe2 $2 {perishes.} 15. Rfc1 $18) 15. e3 Be5 16. Rfc1 Ke7 17. Bf4 Bd6 18. Bxd6+ Kxd6 19. b4 Be2 20. Nc5 Rc7 21. Rc2 Bc4 22. Bf1 Bxf1 23. Kxf1 Ke7 24. Rb2 Rhc8 25. Rd1 Ng4 26. h3 Ne5 27. Rb3 {[%emt 0:00:39] [#]} a5 $1 28. a3 f5 29. Rbb1 Nc4 30. Ra1 {[%emt 0:00:31][%cal Bb1a1,Ba1a3,Ba3b3,Bb3b4,Bb4d4][%mdl 32] [#]} Nxa3 $1 31. Rxa3 axb4 32. Rb3 Rxc5 33. Rxb4 $17 {[%emt 0:00:06][%mdl 4096] Endgame. KRR-KRR} Rc2 34. Rbd4 Kd6 35. Ra4 Rb8 36. Kg1 Rbb2 37. Rf1 Ke5 38. Ra7 Kf6 39. Rd7 Re2 40. Rd8 h6 41. Rf8+ Ke7 42. Rg8 Kf7 43. Rd8 Red2 44. Rd7+ Kf6 45. Rd8 Rb7 46. Rc1 Ra2 47. Re8 Rbb2 48. Rf1 Re2 49. Rd8 Ke5 {[%emt 0:01:25] Black is more active.} 50. Rg8 Ra7 51. Re8 Ra6 52. Rg8 Kf6 53. Rd8 Rea2 54. Rf8+ Ke5 55. Rg8 Ra7 56. Re8 Ra8 57. Rxa8 Rxa8 {[%emt 0:00:01] KR-KR} 58. Rd1 $2 {[%emt 0:00:53] Now White is beyond hope.} (58. Rb1 $17) 58... Ke4 $19 {[%emt 0:00:15] ...Kf3 is the strong threat.} 59. Rd4+ (59. Kg2 {might work better.}) 59... Kf3 {[%emt 0:01:48] Hoping for ...Ra1+.} 60. Rf4+ Ke2 61. Kg2 Ra6 62. g4 $2 (62. Rd4) 62... g5 63. Rd4 fxg4 64. hxg4 Rc6 (64... Ra3 $142 {Strongly threatening ...Ra2.} 65. Rb4 e5 66. Rb2+ Kd1 (66... Kd3 67. Rb5 $17)) 65. Ra4 {[%emt 0:00:28] [#]} e5 $1 66. Ra2+ Kd3 67. Ra3+ Kd2 {[%emt 0:00:38] Threatens to win with ...d4.} 68. Ra2+ Rc2 69. Ra5 $2 (69. Ra4) 69... d4 70. Rxe5 d3 {[%emt 0:00:06] Black mates.} 71. Re6 Ke1 72. Rxh6 Rxf2+ 73. Kg3 d2 74. e4 d1=Q ({Weaker is} 74... d1=B 75. Rg6 $15) 75. Rb6 {Weighted Error Value: White=0.10 (very precise) /Black=0.05 (flawless) .  Loses game:     	White=1     	---        Mistake:       	White=3     	Black=1      Inaccurate:     	White=4     	Black=2      OK:         	White=26    	Black=21     Best:        	White=4     	Black=8      Strong:       	---       	Black=1      Brilliant:      	---       	Black=1} 0-1

[Event "Bijnor Open 2024"]
[Site "Bijnor"]
[Date "2024.03.20"]
[Round "7.4"]
[White "Arnav Agrawal"]
[Black "Laxman, R.R."]
[Result "0-1"]
[ECO "D37"]
[WhiteElo "1843"]
[BlackElo "2331"]
[Annotator "TA"]
[PlyCount "122"]
[EventDate "2024.03.17"]
[EventCountry "IND"]
[SourceTitle "playchess.com"]
[Source "ChessBase"]
[SourceQuality "1"]
[TimeControl "5400+30"]

1. d4 d5 2. c4 e6 3. Nc3 h6 4. Nf3 Nf6 5. Bf4 Bd6 6. Bxd6 Qxd6 7. e3 O-O 8. Bd3 {[%emt 0:00:05] White has an edge.} dxc4 9. Bxc4 c5 10. O-O Nc6 11. dxc5 Qxc5 12. Bb3 Rd8 13. Qe2 Bd7 14. Rac1 Qa5 15. Rfd1 Ne5 16. Nxe5 Qxe5 17. Rd4 Bc6 18. Rcd1 Rxd4 19. Rxd4 Rc8 20. f3 g6 21. Qd2 Kg7 22. e4 b5 23. a4 bxa4 24. Bxa4 Qc5 {[%emt 0:00:58] Threatens to win with ...e5.} 25. Qf2 a5 26. Bxc6 Rxc6 27. Rd2 Qb4 28. Qd4 Rc4 29. Qd6 Qb7 30. g3 Rb4 31. Qc5 ({Only move:} 31. Nd1 $1 $15) 31... Rxb2 $19 32. Rxb2 Qxb2 33. Qxa5 {[%emt 0:00:00][%mdl 4096] Endgame. KQN-KQN} Qc1+ 34. Kg2 Qd2+ 35. Kg1 Nd7 36. Qc7 (36. h4 $17) 36... g5 37. Kf1 Qd3+ (37... Qe3 $1 $19 38. Qxd7 Qxf3+ (38... Qxc3 39. Qd1 $11) 39. Ke1 Qxc3+ 40. Kf2 Qc2+ 41. Kg1 Qb1+ (41... Qxe4 $2 42. Qd6 $19) 42. Kg2 Qxe4+ 43. Kg1 Qb1+ 44. Kf2 Qf5+ 45. Ke3 Qe5+ 46. Kf2 Qc5+ 47. Kf1 Qd5) 38. Kf2 (38. Kg2 $17) 38... Qd4+ $1 39. Kf1 {[%emt 0:00:00] [#]} Ne5 $2 (39... Qe3 $1 $19 {[%cal Re3f3] has better winning chances.} 40. Qxd7 Qxf3+ (40... Qxc3 41. Qd1 $11) 41. Kg1 Qxc3) 40. Ne2 $17 Qb2 41. f4 Nf3 42. h3 Nd2+ 43. Kg2 Nxe4 44. Qc4 (44. Qe5+ $142 Qxe5 45. fxe5) 44... Nf6 {[%emt 0:01:11] Black is more active.} 45. Kf3 Qb7+ 46. Kf2 {[%emt 0:00:00] [#]} (46. Ke3 {was forced.}) 46... Qh1 $1 $19 47. fxg5 hxg5 48. h4 gxh4 49. gxh4 Qh3 {[%emt 0:01:30] aiming for ...Ng4+.} 50. Qf4 (50. Qd4 {was the crucial defense.}) 50... Ng4+ 51. Kg1 (51. Ke1 $142 Qxh4+ 52. Kd2) 51... Qe3+ 52. Qxe3 Nxe3 {[%emt 0:00:01] KN-KN} 53. Kf2 (53. Kh2 $142 e5 54. Ng1) 53... Nf5 {[%emt 0:00:21] Black is clearly winning.} 54. h5 Kh6 55. Nf4 Ng7 56. Kf3 Nxh5 57. Nd3 Kg5 58. Ke4 Nf6+ 59. Ke5 Ng4+ 60. Ke4 f5+ 61. Kd4 {[%emt 0:00:09] [#]} e5+ $1 {[%emt 0:00:07] Weighted Error Value: White=0.55/Black=0.22 (precise) .  Missed win:     	---       	Black=1      Mistake:       	White=8     	Black=1      Inaccurate:     	White=2     	Black=2      OK:         	White=17    	Black=17     Best:        	White=2     	Black=5      Strong:       	---       	Black=2} 0-1

[Event "Bijnor Open 2024"]
[Site "Bijnor"]
[Date "2024.03.20"]
[Round "7.5"]
[White "Vignesh B"]
[Black "Sparsh Yadav"]
[Result "1-0"]
[ECO "B31"]
[WhiteElo "2209"]
[BlackElo "1775"]
[Annotator "RC"]
[PlyCount "35"]
[EventDate "2024.03.17"]
[EventCountry "IND"]
[SourceTitle "playchess.com"]
[Source "ChessBase"]
[SourceQuality "1"]
[TimeControl "5400+30"]

1. e4 c5 2. Nf3 Nc6 3. Bb5 g6 4. Bxc6 dxc6 5. d3 Bg7 6. a4 a5 7. Na3 e5 8. Be3 b6 9. Nc4 Qc7 10. b4 axb4 11. a5 bxa5 12. Bxc5 Bf8 13. Bb6 Qb8 14. Nfxe5 Be6 15. Nxc6 Qb7 16. N6xa5 Rxa5 17. Rxa5 Bxc4 18. Qa1 1-0

[Event "Bijnor Open 2024"]
[Site "Bijnor"]
[Date "2024.03.20"]
[Round "7.6"]
[White "Vatsal Singla"]
[Black "Mahindrakar Indrajeet"]
[Result "0-1"]
[ECO "C01"]
[WhiteElo "1795"]
[BlackElo "2136"]
[Annotator "RC"]
[PlyCount "132"]
[EventDate "2024.03.17"]
[EventCountry "IND"]
[SourceTitle "playchess.com"]
[Source "ChessBase"]
[SourceQuality "1"]
[TimeControl "5400+30"]

1. e4 e6 2. d4 d5 3. Nc3 Bb4 4. exd5 exd5 5. Bd3 Ne7 6. Qh5 Be6 7. Nge2 Nbc6 8. Nf4 Qd7 9. O-O Nxd4 10. Be3 Bxc3 11. bxc3 Ndf5 12. Nxe6 g6 13. Nxc7+ Qxc7 14. Bb5+ Nc6 15. Qh3 O-O 16. Bg5 f6 17. Bd2 Rad8 18. Bd3 Nd6 19. Rfe1 Qd7 20. Qf3 Qf7 21. Bf4 Rfe8 22. h4 Ne5 23. Qh3 Qd7 24. Qxd7 Rxd7 25. Re2 Rde7 26. Bg3 Kf7 27. h5 gxh5 28. Kf1 Nxd3 29. Rxe7+ Kxe7 30. Bxd6+ Kxd6 31. cxd3 Rc8 32. Rb1 b6 33. Rb3 Rc5 34. Ke2 d4 35. c4 Re5+ 36. Kf3 Rf5+ 37. Ke2 h4 38. Ra3 a5 39. Rb3 Kc6 40. Rb1 Rh5 41. Kf3 Rf5+ 42. Ke2 h3 43. gxh3 Rh5 44. Rh1 Kc5 45. a3 b5 46. Rc1 b4 47. axb4+ Kxb4 48. Kd2 Rf5 49. Rf1 a4 50. Kc2 a3 51. f4 Ka4 52. h4 Rh5 53. Rh1 f5 54. Rh2 Rh6 55. h5 Rb6 56. Kc1 Kb3 57. Kb1 Kc3+ 58. Ka2 Kxd3 59. c5 Rc6 60. Kxa3 Rxc5 61. Kb4 Rc2 62. Rh1 Ke3 63. Rg1 d3 64. Rg7 h6 65. Rg6 d2 66. Rd6 Rc1 0-1

[Event "Bijnor Open 2024"]
[Site "Bijnor"]
[Date "2024.03.20"]
[Round "7.7"]
[White "Vrashank Chouhan"]
[Black "Royal, Shreyas"]
[Result "0-1"]
[ECO "D35"]
[WhiteElo "2330"]
[BlackElo "2457"]
[Annotator "TA"]
[PlyCount "116"]
[EventDate "2024.03.17"]
[EventCountry "IND"]
[SourceTitle "playchess.com"]
[Source "ChessBase"]
[SourceQuality "1"]
[TimeControl "5400+30"]

1. d4 d5 2. c4 e6 3. Nc3 Nf6 4. Nf3 Be7 5. cxd5 exd5 6. h3 c6 7. Bf4 Nbd7 8. e3 O-O 9. Bd3 Re8 10. O-O Bf8 11. Qc2 h6 12. Rab1 a5 13. Bh2 Nb6 14. Ne5 Bd6 15. f4 c5 16. b3 cxd4 17. exd4 Bd7 18. Qf2 Bc6 19. Rbc1 Rc8 20. Bg3 Nbd7 21. Bh4 Be7 22. Bf5 Rc7 23. Qe2 g6 24. Bb1 Nb8 25. Nb5 ({White should play} 25. Qd3 $16 {[%cal Oe5f7] Nxf7! is the strong threat.} Ne4 26. Bxe7 Rcxe7 27. Qe3) 25... Rc8 (25... Bxb5 $14 26. Qxb5 Nc6) 26. Na7 $18 Rc7 27. f5 (27. Qe3 $142 $1) 27... g5 $16 28. Bg3 Bd6 29. Nb5 $2 (29. h4 $16 {And now hxg5 would win.} gxh4 30. Bxh4) 29... Bxb5 $17 30. Qxb5 Nc6 $1 31. Bf2 (31. Nxc6 $17 {was called for.} bxc6 (31... Rxc6 32. Bxd6 Rxc1 33. Rxc1 $15) 32. Qd3) 31... Nxd4 $1 $19 32. Bxd4 Rxc1 (32... Rxe5 33. Qxa5 Re8 34. Bb6 $14 (34. Bxf6 Qxf6 35. Qxd5 Rd8 $17)) 33. Rxc1 Bxe5 34. Bxe5 Rxe5 35. Qxb7 Kg7 36. Bd3 Re3 ({Better is} 36... Qe8 {...Re3 would now be deadly.} 37. Qc7 a4 (37... Re1+ 38. Rxe1 Qxe1+ 39. Kh2 $17) 38. bxa4 Re3) 37. Bb5 (37. Bf1 $142) 37... Re7 38. Qa6 {[%emt 0:00:32] [#]} (38. Qc6 $17 {was necessary.}) 38... Qb8 $1 $19 39. Qxa5 (39. Qc6 $142) 39... Qf4 (39... g4 $142 40. Kh1 Qg3) 40. Qc3 (40. Rc2 $142) 40... d4 $1 $19 (40... Qxf5 41. Rf1 Qe6 42. Qg3 $11) 41. Qc2 Re3 42. Rf1 Qe5 43. Bd3 {[%emt 0:00:37] [#]} Nd5 (43... Qg3 $1 $19 44. Ba6 d3) 44. Kh1 $2 (44. f6+ $17 {was the crucial defense.} Nxf6 45. Rf5) 44... Nf4 $19 45. Bc4 d3 46. Bxd3 Nxd3 47. f6+ Kh7 48. Qc4 Qe6 49. Qc7 $2 (49. Qxe6 Rxe6 50. Ra1) 49... Nf4 $19 50. Qc2+ Qe4 $2 (50... Kg8 {[%cal Of4e2] Threatens to win with ...Ne2!} 51. Rc1 Qxf6 (51... Ne2 $2 52. Qc8+ Qxc8 53. Rxc8+ Kh7 54. Rc7 $19)) 51. Qxe4+ $19 Rxe4 52. a4 Rb4 (52... Kg6 53. a5 $19) 53. Rf3 Kg6 54. Kh2 Ne2 (54... Kxf6 55. g3 $14) 55. a5 Nd4 56. Rd3 Nxb3 57. a6 Nc5 (57... Kxf6 58. a7 Ra4 59. Rxb3 $16) 58. a7 Ra4 $1 (58... Nxd3 $2 {too greedy.} 59. a8=Q $18 (59. a8=B $2 {perishes.} Ne5 $19)) 0-1